 Dungeon Crawl Stone Soup version 0.27.1-3-gb3d3a73c9e (webtiles) character file.

Game seed: 15549939210836583616

691 H0rd4k the Cutter (level 7, -2/52 HPs)
             Began as a Human Artificer on Oct 6, 2021.
             Slain by a white imp (4 damage)
             ... on level 6 of the Dungeon.
             The game lasted 00:08:57 (6993 turns).

H0rd4k the Cutter (Human Artificer)                 Turns: 6993, Time: 00:08:58

Health: -2/52      AC:  5    Str: 13    XL:     7   Next: 95%
Magic:  7/7        EV: 12    Int: 13    God:
Gold:   239        SH:  0    Dex: 13    Spells: 6/6 levels left

rFire    . . .     SeeInvis .   q - +0 rapier
rCold    . . .     Faith    .   (no shield)
rNeg     . . .     Spirit   .   b - +0 leather armour
rPois    .         Reflect  .   i - +0 helmet
rElec    .         Harm     .   (no cloak)
rCorr    .         Rampage  .   (no gloves)
Will     .....                  s - +0 pair of boots
Stlth    ++........             (no amulet)
HPRegen  0.17/turn              (no ring)
MPRegen  0.10/turn              (no ring)

@: no status effects
A: no striking features
a: no special abilities


You were on level 6 of the Dungeon.
You visited 1 branch of the dungeon, and saw 6 of its levels.

You collected 239 gold pieces.

Inventory:

Hand Weapons
 q - a +0 rapier (weapon)
Missiles
 p - 2 throwing nets
 r - 14 poisoned darts
Armour
 b - a +0 leather armour (worn)
 i - a +0 helmet (worn)
 s - a +0 pair of boots (worn)
Wands
 d - a wand of polymorph (7)
Scrolls
 a - a scroll of identify {unknown}
 c - a scroll of fear {unknown}
 f - 3 scrolls of teleportation {unknown}
 g - a scroll of enchant armour {unknown}
 h - 2 scrolls of silence {unknown}
 j - 2 scrolls of amnesia {unknown}
 k - a scroll of noise {unknown}
 m - a scroll of vulnerability {unknown}
 n - a scroll of holy word {unknown}
 o - a scroll of brand weapon {unknown}
 u - a scroll of immolation {unknown}
Potions
 l - a potion of haste
 t - a potion of brilliance {unknown}
 v - a potion of might {unknown}
Miscellaneous
 e - a piece from Xom's chessboard (15/15)


   Skills:
 + Level 3.3 Fighting
 + Level 4.7 Short Blades
 + Level 3.4 Armour
 + Level 3.1 Dodging
 + Level 1.7 Stealth
 + Level 4.2 Evocations


You had 6 spell levels left.
You didn't know any spells.
Your spell library contained the following spells:

 Spells                   Type           Power      Damage    Failure   Level
 Foxfire                  Conj/Fire      0%         2x1d4     36%         1
 Freeze                   Ice            0%         1d3       36%         1
 Pain                     Necr           0%         1d4       36%         1
 Slow                     Hex            0%         N/A       50%         2
 Confusing Touch          Hex            0%         N/A       75%         3
 Conjure Flame            Conj/Fire      0%         6-21      75%         3
 Frozen Ramparts          Ice            0%         1d2       75%         3
 Inner Flame              Hex/Fire       0%         N/A       75%         3
 Vampiric Draining        Necr           0%         2d6       75%         3
 Hailstorm                Conj/Ice       0%         3d3       98%         4
 Agony                    Necr           0%         N/A       100%        5
 Excruciating Wounds      Necr           0%         N/A       100%        5


Dungeon Overview and Level Annotations

Branches:
Dungeon (6/15)
 Temple: D:4-7

Altars:
Ashenzari
Makhleb
Zin

Shops:
D:2 *

Annotations:
D:2 1 runed translucent door, exclusions: door, downstairs and upstairs, Crazy Yiuf, Terence
D:3 exclusions: downstairs and zombie, Grinder
D:4 exclusion: phantom


Message History

You feel sick. The white imp gestures at you. The puff of frost hits you!
The jackal closely misses you.
You feel sick. The jackal barely misses you.
You feel sick.
You are no longer poisoned.
There is a stone staircase leading down here.
The white imp barely misses you.
You climb downwards.
Found an escape hatch in the floor.
There is a stone staircase leading up here.
You hit the white imp.
The white imp is moderately wounded.
The white imp closely misses you.
You hit the white imp.
The white imp is severely wounded.
The white imp gestures at you. The puff of frost misses you.
You hit the white imp but do no damage.
The white imp is severely wounded.
The white imp gestures at you. The puff of frost misses you.
You closely miss the white imp.
The white imp is severely wounded.
The white imp hits you.
* * * LOW HITPOINT WARNING * * *
The white imp freezes you.
* * * LOW HITPOINT WARNING * * *
You closely miss the white imp.
The white imp is severely wounded.
The white imp gestures at you. The puff of frost hits you!
* * * LOW HITPOINT WARNING * * *
You hit the white imp.
The white imp is almost dead.
The white imp barely misses you.
You barely miss the white imp.
The white imp is almost dead.
The white imp hits you.
You die...

##..#....#
. ......
###.......
#...#....
#....>.# #.
.....
##...#.5###
.......@..#
....Y.....#
..##......#
##...###
..### ...
.##. .. ..


You could see an ice beast and a white imp.

Vanquished Creatures
  Sigmund (D:5)
  A phantom (D:2)
  A bullfrog (D:5)
  Blork the orc (D:5)
  A bullfrog zombie (D:5)
  Jessica (D:2)
  Natasha (thrice) (D:2)
  6 gnolls
  4 adders
  An ufetubus (D:5)
  An adder skeleton (D:5)
  2 worms (D:4)
  3 dart slugs
  4 orcs
  5 ball pythons
  5 endoplasms
  6 goblins
  7 hobgoblins
  8 jackals
  5 kobolds
  5 bats
  3 frilled lizards
  4 rats
78 creatures vanquished.

Vanquished Creatures (collateral kills)
  2 gnolls (D:4)
2 creatures vanquished.

Vanquished Creatures (others)
  A necrophage (D:4)
  An adder (D:4)
  3 gnolls
5 creatures vanquished.

Grand Total: 85 creatures vanquished

Notes
Turn   | Place    | Note
-------+----------+-------------------------------------------
     0 | D:1      | H0rd4k the Human Artificer began the quest for the Orb.
     0 | D:1      | Reached XP level 1. HP: 15/15 MP: 1/1
   626 | D:1      | Reached XP level 2. HP: 21/21 MP: 2/2
  1266 | D:1      | Reached XP level 3. HP: 25/26 MP: 3/3
  1374 | D:2      | Found Naanial's General Store.
  1385 | D:2      | Noticed Natasha
  1393 | D:2      | Killed Natasha
  1515 | D:2      | Reached XP level 4. HP: 26/33 MP: 4/4
  1807 | D:2      | Reached skill level 1 in Short Blades
  1874 | D:2      | Found a runed translucent door.
  1875 | D:2      | Noticed Crazy Yiuf
  1946 | D:2      | Found a glowing silver altar of Zin.
  2076 | D:2      | Noticed Natasha
  2080 | D:2      | Killed Natasha
  2085 | D:2      | Noticed Natasha
  2100 | D:2      | Killed Natasha
  2101 | D:2      | Reached XP level 5. HP: 6/38 MP: 5/5
  2432 | D:2      | Noticed Terence
  2517 | D:2      | Noticed Jessica
  2531 | D:2      | Killed Jessica
  3029 | D:3      | Noticed Grinder
  3696 | D:3      | Found a burning altar of Makhleb.
  4361 | D:3      | Reached XP level 6. HP: 28/45 MP: 6/6
  5364 | D:4      | Noticed a necrophage
  6275 | D:5      | Entered Level 5 of the Dungeon
  6369 | D:5      | Reached XP level 7. HP: 30/51 MP: 7/7
  6493 | D:5      | Found a broken altar of Ashenzari.
  6499 | D:5      | Noticed Blork the orc
  6511 | D:5      | Killed Blork the orc
  6702 | D:5      | Noticed Sigmund
  6720 | D:5      | Killed Sigmund
  6991 | D:6      | HP: 2/52 [white imp/puff of frost (10)]
  6993 | D:6      | Slain by a white imp

Illustrated notes

Levels and vault maps discovered:
D:1:      dpeg_arrival_orchard, layout_basic
D:2:      layout_loops_corners, basic_altar, serial_shops, nicolae_shop_crystal,
          amcnicky_mini_rare_corridor_liquid, uniq_terence, uniq_natasha,
          uniq_crazy_yiuf_cottage, uniq_jessica
D:3:      layout_basic, lemuel_crystal_altar, kennysheep_generic_room_14,
          uniq_grinder
D:4:      layout_basic, minmay_fractal_squares_gapless_5
D:5:      layout_basic, mainiacjoe_overflow_chevrons,
          nicolae_temple_entry_ecumenical, chequers_serial_rivers_room_b,
          nrook_loot_triangle, st_stairs_13, minmay_misc_feat_encased,
          amcnicky_mini_corridor_feature, uniq_pikel, uniq_sigmund,
          uniq_blork_the_orc, uniq_duvessa
D:6:      layout_cave_pools, serial_shops, kennysheep_little_box

Skill      XL: |  1  2  3  4  5  6  7 |
---------------+----------------------+-----
Short Blades   | 1 2 3 4 |  4.7
Fighting       | 2 3 |  3.3
Dodging        | 2 3 |  3.1
Armour         | 3 |  3.4
Evocations     | 4 |  4.2
Stealth        | |  1.7

Action                   |  1- 3 |  4- 6 |  7- 9 || total
-------------------------+-------+-------+-------++-------
Melee: Short sword       |    71 |    98 |       ||   169
       Club              |    13 |       |       ||    13
       Rapier            |       |   167 |    23 ||   190
Evoke: Wand              |     7 |    23 |     5 ||    35
       Piece from Xom's  |       |     1 |       ||     1
  Use: Potion            |       |     3 |       ||     3
 Stab: Sleeping          |     1 |       |       ||     1
Armor: Leather armour    |    32 |    64 |    22 ||   118
       Skin              |       |       |     1 ||     1
Dodge: Dodged            |    65 |   186 |    66 ||   317
